Map: Triton LE

Players

Namshar - Winner!

  • Race: Zerg Zerg
  • League: Grandmaster
  • Spawn Location: 5:00

Snowden

  • Race: Terran Terran
  • Spawn Location: 11:00

Event: NationWars 2019

VOD

Have the link to the VOD?

Description

Time

  • Played on: Oct. 1, 2019, 2:33 p.m.
  • Length: 5:06
Show
View Real Time Build Order
Export as new Build Order

Namshar Zerg - Winner!

Build Orders: Pool First 

Get SALT Encoding   

  12  0:00  Drone  
  13  0:11  Overlord  
  13  0:17  Drone  
  14  0:30  Drone x2  
  16  0:40  Spawning Pool  
  15  0:43  Drone  
  15  0:46  Drone  
  17  1:07  Hatchery  
  17  1:11  Extractor  
  15  1:12  Drone  
  16  1:26  Zergling x4  
  16  1:27  Zergling x2  
  16  1:31  Roach Warren  
  18  1:43  Queen  
  20  1:51  Overlord  
  20  2:11  Roach x3  
  26  2:29  Roach  
  28  2:33  Roach x2  
  32  2:46  Roach  
  34  2:59  Overlord  
  34  3:02  Extractor  
  33  3:09  Ravager  
  33  3:10  Drone  
  33  3:11  Drone, Overlord  
  35  3:33  Roach x3  
  41  3:46  Ravager  
Show
View Real Time Build Order
Export as new Build Order

Snowden Terran 

Build Orders:  

Get SALT Encoding   

  12  0:00  SCV  
  13  0:13  SCV  
  14  0:21  Supply Depot  
  14  0:44  Barracks  
  14  0:52  Barracks  
  14  1:05  Barracks  
  14  1:10  SCV  
  15  1:30  Marine  
  16  1:40  Barracks, Marine  
  17  1:53  Marine x2  
  19  1:57  Marine  
  19  1:59  Supply Depot  
  20  2:10  Marine  
  20  2:11  Marine  
  22  2:15  Marine  
  23  2:25  Bunker  
  23  2:28  Marine  
  23  2:29  Marine x2  
  26  2:34  Marine  
  26  2:46  Marine  
  26  2:52  Marine  
  23  3:04  Marine x2  
  25  3:10  Marine  
  25  3:18  Marine  
Tags
 
Add a new tag
Caveats
  • Supply blocks, unpowered buildings, or Contaminate may cause inaccurate times.
  • Supply counts are checked every 10 seconds.